Map: Blackburn LE

Players

ShaDoWn

  • Race: Protoss Protoss

Serral - Winner!

  • Race: Zerg Zerg

Event: DreamHack SC2 Masters 2021 Fall

VOD

Have the link to the VOD?

Description

Time

  • Played on: July 29, 2021, 12:13 p.m.
  • Length: 10:01

All games in this series

Show
View Real Time Build Order
Export as new Build Order

ShaDoWn Protoss 

Build Orders: 1 Gate Expand, Oracle Opening 

Get SALT Encoding   

  12  0:00  Probe  
  13  0:12  Probe  
  14  0:20  Pylon  
  14  0:24  Probe  
  15  0:38  Probe (Chrono Boost)  
  15  0:40  Gateway  
  16  0:47  Probe (Chrono Boost)  
  17  0:50  Assimilator  
  17  0:52  Probe (Chrono Boost)  
  18  1:04  Probe  
  19  1:16  Probe  
  20  1:29  Nexus  
  20  1:39  Cybernetics Core  
  20  1:41  Probe  
  21  1:47  Assimilator  
  21  1:53  Probe  
  22  1:58  Pylon  
  22  2:05  Probe (Chrono Boost)  
  23  2:16  Adept  
  23  2:17  Probe (Chrono Boost)  
  23  2:19  Stargate  
  26  2:25  Probe (Chrono Boost)  
  27  2:30  Warp Gate  
  27  2:31  Probe (Chrono Boost)  
  28  2:41  Probe (Chrono Boost)  
  28  2:44  Probe (Chrono Boost)  
  30  2:46  Adept  
  30  2:50  Probe (Chrono Boost)  
  34  2:51  Probe (Chrono Boost)  
  34  2:55  Probe (Chrono Boost)  
  34  2:58  Probe  
  35  3:01  Oracle (Chrono Boost)  
  39  3:07  Probe  
  39  3:10  Probe  
  39  3:11  Pylon  
  41  3:19  Probe  
  42  3:20  Gateway  
  42  3:22  Probe  
  43  3:31  Probe  
  43  3:32  Oracle  
  47  3:35  Probe  
  47  3:39  Adept  
  50  3:44  Probe  
  51  3:51  Probe  
  51  3:55  Nexus  
  52  3:57  Probe  
  53  4:05  Probe  
  54  4:10  Probe  
  53  4:17  Probe  
  53  4:19  Assimilator  
  53  4:20  Assimilator, Stalker  
  53  4:23  Pylon  
  54  4:32  Pylon  
  54  4:39  Probe  
  54  4:40  Twilight Council, Forge  
  54  4:41  Sentry, Probe  
  57  4:50  Gateway  
  57  4:51  Gateway, Probe  
  57  4:52  Adept  
  60  4:53  Probe  
  59  5:05  Robotics Facility, Probe (Chrono Boost)  
  59  5:08  Probe (Chrono Boost)  
  59  5:09  Probe (Chrono Boost)  
  59  5:10  Blink  
  59  5:11  Protoss Ground Weapons Level 1 (Chrono Boost), Sentry  
  62  5:20  Probe x2 (Chrono Boost)  
  65  5:22  Gateway, Probe (Chrono Boost)  
  65  5:25  Probe (Chrono Boost)  
  65  5:27  Probe  
  67  5:28  Shield Battery  
  67  5:29  Probe  
  67  5:30  Sentry  
  70  5:35  Probe (Chrono Boost)  
  70  5:40  Probe (Chrono Boost)  
  70  5:42  Probe (Chrono Boost)  
  73  5:48  Probe (Chrono Boost)  
  74  5:52  Sentry, Stalker, Probe (Chrono Boost)  
  74  5:53  Stalker, Probe (Chrono Boost)  
  74  5:55  Probe (Chrono Boost)  
  74  5:57  Probe (Chrono Boost)  
  83  5:58  Probe (Chrono Boost)  
  85  6:07  Gateway x2  
  85  6:09  Pylon  
  85  6:11  Assimilator, Pylon  
  85  6:13  Pylon  
  85  6:15  Assimilator  
  85  6:16  Pylon  
  85  6:18  Pylon  
  85  6:19  Pylon  
  85  6:27  Observer (Chrono Boost), Probe  
  85  6:30  Stalker x5  
  97  6:33  Probe  
  98  6:52  Shield Battery  
  98  6:54  Photon Cannon, Stalker  
  98  6:55  Stalker x4  
  108  7:06  Robotics Facility  
  108  7:12  Robotics Bay  
  108  7:15  Protoss Ground Weapons Level 2  
  108  7:16  Charge  
  108  7:19  Gateway  
  108  7:22  Gateway  
  108  7:29  Nexus  
  108  7:33  Pylon  
  108  7:35  Probe  
  108  7:36  Probe  
  110  7:38  Pylon  
  110  7:40  Dark Shrine  
  110  7:47  Probe  
  111  7:54  Shield Battery  
  111  7:55  Photon Cannon  
  111  7:56  Photon Cannon, Probe  
  111  7:58  Photon Cannon  
  112  7:59  Photon Cannon  
  112  8:01  Pylon  
  112  8:05  Stalker x5  
  123  8:06  Stalker  
  123  8:08  Phoenix  
  125  8:14  Probe  
  125  8:18  Probe  
  124  8:22  Probe  
  124  8:26  Probe  
  121  8:31  Probe  
  121  8:33  Phoenix  
  123  8:34  Probe  
  123  8:36  Disruptor x2  
  123  8:38  Probe  
  126  8:49  Stalker x6  
  130  8:58  Probe  
  130  8:59  Stalker x2  
  109  9:05  Stalker  
  101  9:12  Observer, Stalker  
  101  9:13  Stalker x3  
  101  9:15  Probe  
  74  9:26  Probe  
  74  9:29  Zealot x3  
  81  9:36  Zealot x2  
  81  9:38  Probe (Chrono Boost)  
  68  9:49  Probe x2 (Chrono Boost)  
  71  9:53  Probe (Chrono Boost)  
  71  9:54  Probe (Chrono Boost)  
Show
View Real Time Build Order
Export as new Build Order

Serral Zerg - Winner!

Build Orders: Hatch First 

Get SALT Encoding   

  12  0:00  Drone  
  13  0:12  Overlord  
  13  0:16  Drone  
  14  0:30  Drone  
  14  0:31  Drone  
  16  0:43  Drone  
  17  0:52  Hatchery  
  17  0:54  Drone  
  17  0:58  Drone  
  18  1:08  Extractor  
  17  1:14  Spawning Pool  
  17  1:16  Drone  
  17  1:19  Drone  
  18  1:28  Drone  
  19  1:40  Drone  
  20  1:50  Overlord  
  20  2:00  Queen  
  22  2:03  Queen  
  22  2:04  Zergling x2  
  22  2:05  Zergling x2  
  26  2:11  Metabolic Boost, Drone  
  26  2:15  Drone  
  28  2:23  Drone  
  28  2:25  Drone  
  30  2:36  Hatchery  
  29  2:39  Drone  
  29  2:40  Drone  
  31  2:47  Queen  
  33  2:52  Overlord  
  33  2:54  Drone  
  33  2:57  Drone  
  35  2:58  Drone  
  35  3:04  Overlord  
  36  3:14  Drone x4  
  36  3:17  Drone x2  
  36  3:18  Drone  
  43  3:23  Drone  
  43  3:25  Queen  
  46  3:30  Spore Crawler  
  46  3:33  Queen  
  47  3:38  Overlord  
  47  3:45  Drone x5  
  52  3:52  Drone x3  
  53  3:59  Spore Crawler  
  53  4:01  Drone x3  
  55  4:04  Zergling x4  
  56  4:13  Spore Crawler  
  53  4:18  Drone x6  
  53  4:21  Queen  
  53  4:23  Drone  
  63  4:27  Overlord  
  63  4:29  Overlord  
  63  4:36  Drone, Roach Warren  
  63  4:40  Spore Crawler  
  63  4:42  Lair  
  62  4:46  Drone x3  
  62  4:52  Zergling x6  
  67  4:53  Drone x3  
  67  4:55  Drone x2  
  67  4:57  Drone  
  72  5:00  Drone  
  72  5:03  Drone, Overlord  
  72  5:05  Extractor  
  72  5:06  Overlord  
  72  5:07  Extractor x2  
  71  5:09  Drone x2  
  71  5:11  Drone  
  73  5:16  Overlord  
  73  5:21  Overlord  
  73  5:22  Evolution Chamber  
  73  5:23  Drone x4  
  73  5:27  Drone x3  
  79  5:33  Extractor  
  79  5:34  Drone  
  79  5:37  Extractor, Drone x3  
  79  5:38  Drone  
  81  5:43  Drone x3  
  81  5:47  Glial Reconstitution  
  84  5:50  Zerg Melee Weapons Level 1  
  84  5:51  Hatchery  
  83  5:57  Drone x2  
  83  5:58  Overseer, Spire  
  83  5:59  Overseer  
  84  6:05  Zergling x10  
  84  6:08  Overlord  
  89  6:12  Roach x2  
  89  6:16  Overlord  
  89  6:17  Overlord  
  93  6:19  Roach x2  
  93  6:21  Roach  
  93  6:24  Roach  
  101  6:27  Roach  
  101  6:28  Roach  
  105  6:35  Roach  
  105  6:39  Roach x7  
  120  6:42  Overlord  
  120  6:45  Overlord  
  120  6:46  Overlord  
  119  6:53  Overlord  
  119  6:56  Drone  
  119  6:57  Drone  
  119  6:58  Drone, Baneling Nest  
  119  6:59  Overlord  
  121  7:02  Overlord  
  121  7:04  Drone x2  
  123  7:08  Drone x3  
  123  7:09  Drone  
  127  7:18  Extractor  
  127  7:19  Extractor  
  127  7:20  Mutalisk x6  
  127  7:22  Mutalisk  
  139  7:27  Mutalisk x2  
  143  7:35  Zergling x14  
  143  7:36  Ravager x3  
  151  7:51  Zergling x24  
  161  8:03  Zergling x22  
  169  8:09  Baneling x10  
  169  8:18  Drone x5  
  169  8:19  Overlord  
  174  8:22  Overlord  
  174  8:26  Overlord  
  174  8:29  Infestation Pit  
  171  8:36  Drone x4  
  175  8:42  Zergling x18  
  171  8:57  Zergling x12  
  171  8:58  Zergling x4  
  157  9:03  Zergling x16  
  150  9:10  Zergling x10  
  150  9:16  Drone  
  147  9:22  Hatchery  
  147  9:23  Roach x4  
  138  9:28  Roach  
  138  9:29  Roach x6  
  141  9:35  Roach x4  
  141  9:42  Roach  

Tags
 
Add a new tag
Caveats
  • Supply blocks, unpowered buildings, or Contaminate may cause inaccurate times.
  • Supply counts are checked every 10 seconds.